 Dungeon Crawl Stone Soup version 0.27.0-1-g7a089689b8 (webtiles) character file.

Game seed: 8883644458029877255

144 HoaS the Twirler (level 4, -1/36 HPs)
             Began as a Demigod Gladiator on Aug 7, 2021.
             Slain by an orc (2 damage)
             ... on level 3 of the Dungeon.
             The game lasted 00:04:33 (2608 turns).

HoaS the Twirler (Demigod Gladiator)                Turns: 2608, Time: 00:04:33

Health: -1/36      AC:  8    Str: 19    XL:     4   Next: 76%
Magic:  6/6        EV: 12    Int: 10    God:
Gold:   50         SH:  0    Dex: 21    Spells: 3/3 levels left

rFire    . . .     SeeInvis .   a - +0 quarterstaff
rCold    . . .     Faith    .   (shield currently unavailable)
rNeg     . . .     Spirit   .   e - +0 ring mail
rPois    .         Reflect  .   c - +0 helmet
rElec    .         Harm     .   b - +0 cloak
rCorr    .         Rampage  .   k - +0 pair of gloves
Will     .....                  (no boots)
Stlth    +.........             (no amulet)
HPRegen  0.12/turn              g - ring of flight
MPRegen  0.10/turn              i - +6 ring of dexterity

@: flying
A: high mp 1, forlorn
a: no special abilities


You were on level 3 of the Dungeon.
You visited 1 branch of the dungeon, and saw 3 of its levels.

You collected 50 gold pieces.

Inventory:

Hand Weapons
 a - a +0 quarterstaff (weapon)
Missiles
 d - 3 throwing nets (quivered)
 h - 18 arrows
 l - 3 boomerangs
 r - 10 poisoned darts
Armour
 b - a +0 cloak (worn)
 c - a +0 helmet (worn)
 e - a +0 ring mail (worn)
 k - a +0 pair of gloves (worn)
Jewellery
 g - a ring of flight (left hand)
 i - a +6 ring of dexterity (right hand)
 j - a ring of resist corrosion
Scrolls
 n - a scroll of vulnerability {unknown}
 p - a scroll of identify {unknown}
 q - a scroll of teleportation {unknown}
Potions
 f - a potion of brilliance {unknown}
 m - a potion of might {unknown}
 o - 2 potions of curing {unknown}


   Skills:
 - Level 1.7 Fighting
 + Level 5.3 Staves
 - Level 1.7 Throwing
 - Level 2.6 Dodging


You had 3 spell levels left.
You didn't know any spells.
Your spell library contained the following spells:

 Spells                   Type           Power      Damage    Failure   Level
 Animate Skeleton         Necr           0%         N/A       54%         1
 Apportation              Tloc           0%         N/A       54%         1
 Corona                   Hex            0%         N/A       54%         1
 Shock                    Conj/Air       0%         1d3       54%         1
 Summon Small Mammal      Summ           0%         N/A       54%         1
 Dazzling Flash           Conj/Hex       0%         N/A       89%         3
 Swiftness                Air            0%         N/A       89%         3
 Airstrike                Air            0%         N/A       100%        4
 Iskenderun's Mystic Bla  Conj/Tloc      0%         2d3       100%        4
 Starburst                Conj/Fire      0%         8x6d3     100%        6


Dungeon Overview and Level Annotations

Branches:
Dungeon (3/15)


Innate Abilities, Weirdness & Mutations

Your attributes grow dramatically as you level up.
You have an increased reservoir of magic. (+10% MP)
You shall have no god before yourself.


Message History

Something barely misses you.
You hit something but do no damage.
The hobgoblin hits you but does no damage.
Something hits you but does no damage.
You closely miss something. The hobgoblin barely misses you.
Something hits you but does no damage.
You hit something but do no damage. The hobgoblin barely misses you.
Something hits you but does no damage.
You miss something. The hobgoblin barely misses you.
Something barely misses you.
You miss something.
The hobgoblin hits you but does no damage.
Something hits you but does no damage. The hobgoblin barely misses you.
You sock something!
Reactivating autopickup.
You feel a bit more experienced.
The hobgoblin hits you but does no damage.
The hobgoblin misses you.
Things that are here:
a +0 dagger; a +0 robe You sock the hobgoblin!
You kill the hobgoblin!
Things that are here:
a +0 dagger; a +0 robe; a hobgoblin corpse
There is a stone staircase leading down here.
You start resting.
HP restored.
You fly downwards.
The orc hits you with a +0 short sword. The orc barely misses you.
The orc closely misses you.
There is a stone staircase leading up here.
You barely miss the orc.
The orc hits you with a +2 falchion of electrocution.
You are electrocuted!
The orc barely misses you. The orc hits you but does no damage.
You closely miss the orc. The orc hits you but does no damage.
You are electrocuted!!
Ouch! That really hurt!
* * * LOW HITPOINT WARNING * * *
The orc hits you with a +0 hand axe.
You die...

#####+##
#...@o.#
#..oo..#
#.....$#
#.......#
#.###..##
#$ ...# .
##.# # .#


You could see 3 orcs.

Vanquished Creatures
  An orc wizard (D:2)
  7 gnolls (D:2)
  2 dart slugs
  3 bats (D:1)
  5 endoplasms
  3 giant cockroaches
  4 goblins (D:1)
  3 hobgoblins
  5 jackals
  A quokka (D:1)
  4 ball pythons (D:1)
  2 frilled lizards
  2 kobolds
  4 rats
46 creatures vanquished.

Notes
Turn   | Place    | Note
-------+----------+-------------------------------------------
     0 | D:1      | HoaS the Demigod Gladiator began the quest for the Orb.
     0 | D:1      | Reached XP level 1. HP: 17/17 MP: 3/3
    68 | D:1      | Reached skill level 3 in Staves
   522 | D:1      | Reached XP level 2. HP: 21/24 MP: 4/4
  1217 | D:2      | Reached XP level 3. HP: 29/29 MP: 5/5
  1283 | D:2      | Reached skill level 4 in Staves
  1799 | D:2      | Reached XP level 4. HP: 27/36 MP: 6/6
  2210 | D:2      | Reached skill level 5 in Staves
  2608 | D:3      | HP: 1/36 [orc (19)]
  2608 | D:3      | Slain by an orc

Illustrated notes

Levels and vault maps discovered:
D:1:      dpeg_arrival_stone_temple_mockup, layout_loops_ring,
          shapermc_ecumenical_altar_venn, palyth_stone_intersect,
          minmay_hexomino_c4
D:2:      layout_basic, minmay_misc_feat_diagonals
D:3:      layout_basic, guppyfry_early_lair_pool, uniq_jessica, uniq_sigmund

Skill      XL: |  1  2  3  4 |
---------------+-------------+-----
Staves         | 3 4 5 |  5.3
Fighting       | |  1.7
Throwing       | |  1.7
Dodging        | |  2.6

Action                   |  1- 3 |  4- 6 || total
-------------------------+-------+-------++-------
Melee: Quarterstaff      |   102 |    56 ||   158
  Use: Scroll            |     1 |       ||     1
Armor: Leather armour    |     7 |       ||     7
       Ring mail         |    37 |    25 ||    62
Dodge: Dodged            |    58 |    33 ||    91
